 Dungeon Crawl Stone Soup version 0.17-a0-1442-g10bb59b (webtiles) character file.

15137 Snupthedog the Fighter (level 12, -6/103 HPs)
             Began as a Formicid Fighter on June 27, 2015.
             Was a High Priest of Makhleb.
             Mangled by an eight-headed hydra (8 damage)
             ... on level 11 of the Dungeon.
             The game lasted 00:58:38 (12121 turns).

Snupthedog the Fighter (Formicid Fighter)          Turns: 12121, Time: 00:58:40

Health: -6/103     AC: 17    Str: 22    XL:     12   Next: 53%
Magic:  13/13      EV: 11    Int: 10    God:    Makhleb [*****.]
Gold:   580        SH: 13    Dex: 15    Spells: 0 memorised, 11 levels left

rFire  x . .     SeeInvis +     b - +3 rod of clouds (3/9)
rCold  . . .     Clarity  .     u - +5 ring mail of the Dice {rPois rF- rN+ Dex+3}
rNeg   + . .     SustAt   +     c - +0 shield
rPois  +         Gourm    +     (helmet unavailable)
rElec  .         Spirit   .     t - +1 cloak
rCorr  .         Warding  .     m - +2 pair of gloves
rMut   .         Stasis   +     (no boots)
MR     +....                    a - amulet of the gourmand
Stlth  ++........               h - ring of sustain attributes
                                s - +1 ring of evasion

@: somewhat resistant to hostile enchantments, unstealthy
A: permanent stasis, dig shafts and tunnels, four strong arms, antennae 3
a: Dig, Shaft Self, Minor Destruction, Lesser Servant of Makhleb, Major
Destruction, Greater Servant of Makhleb, Renounce Religion


You were on level 11 of the Dungeon.
You worshipped Makhleb.
Makhleb was extremely pleased with you.
You were very full.

You visited 2 branches of the dungeon, and saw 12 of its levels.

You collected 613 gold pieces.
You spent 33 gold pieces at shops.

Inventory:

Hand weapons
 N - a +2 long sword of holy wrath
Armour
 c - a +0 shield (worn)
 m - a +2 pair of gloves (worn)
 r - a +3 ring mail of cold resistance
 t - a +1 cloak (worn)
 u - the +5 ring mail of the Dice (worn) {rPois rF- rN+ Dex+3}
   (You found it on level 4 of the Dungeon)

   It affects your dexterity (+3).
   It makes you vulnerable to fire.
   It protects you from poison.
   It protects you from negative energy.
Magical staves
 y - an uncursed staff of summoning
 B - an uncursed staff of energy {unknown}
Rods
 b - a +3 rod of clouds (3/9) (weapon)
   (You found it on level 6 of the Dungeon)
Jewellery
 a - an amulet of the gourmand (around neck)
 h - a ring of sustain attributes (right hand)
 j - an uncursed ring of poison resistance
 q - an uncursed ring of flight
 s - a +1 ring of evasion (left hand)
Magical devices
 p - a wand of confusion (19)
 A - a wand of draining (2)
 H - a wand of disintegration (9)
Scrolls
 g - 2 scrolls of torment
 i - 4 scrolls of amnesia
 w - 3 scrolls of remove curse
 I - 2 scrolls of identify
 K - a scroll of recharging
 L - a scroll of magic mapping
Potions
 d - a potion of degeneration {unknown}
 e - a potion of experience
 f - a potion of haste
 k - 2 potions of cancellation
 l - 2 potions of mutation
 o - 2 potions of heal wounds
 x - a potion of brilliance
 z - a potion of flight {unknown}
 C - a potion of agility
 G - 2 potions of curing
Comestibles
 n - a meat ration
 v - 3 beef jerkies
 D - a bread ration
 E - 11 fruits
 F - 9 royal jellies
 J - a slice of pizza
 M - a chunk of flesh


   Skills:
 - Level 12.4 Fighting
 + Level 11.3 Long Blades
 - Level 7.9 Armour
 - Level 5.4 Stealth
 - Level 11.9 Shields
 - Level 1.8 Evocations


You had 11 spell levels left.
You didn't know any spells.

Dungeon Overview and Level Annotations

Branches:
Dungeon (11/15)            Temple (1/1) D:6            Lair (0/8) D:10
    Orc: D:9-12

Altars:
Ashenzari
Cheibriados
Dithmenos
Elyvilon
Fedhas
Gozag
Kikubaaqudgha
Makhleb
Nemelex Xobeh
Okawaru
Qazlal
Ru
Sif Muna
Trog
Vehumet
Xom
Yredelemnul
Zin
The Shining One

Shops:
D:5 *   D:9 *   D:10 *

Annotations:
D:6 rogue's ghost, experienced OgHu


Innate Abilities, Weirdness & Mutations

You are under a permanent stasis effect.
You can dig through walls and to a lower floor.
Your four strong arms can wield two-handed weapons with a shield.
You have a pair of large antennae on your head (SInv).


Message History

Are you sure you want to shaft yourself?
The eight-headed hydra closely misses you.
The eight-headed hydra bites you but does no damage.
The eight-headed hydra bites you!
* * * LOW HITPOINT WARNING * * *
You block the eight-headed hydra's attack.
The eight-headed hydra bites you but does no damage.
The eight-headed hydra bites you.
* * * LOW HITPOINT WARNING * * *
The eight-headed hydra bites you!
* * * LOW HITPOINT WARNING * * *
You block the eight-headed hydra's attack.
You begin to dig a shaft.
You continue digging a shaft.
You block the eight-headed hydra's attack.
The eight-headed hydra completely misses you.
You block the eight-headed hydra's attack.
The eight-headed hydra bites you but does no damage.
The eight-headed hydra closely misses you.
The eight-headed hydra bites you!
You die...

.......#.............#,....#,,*
.......##............#,....#,,*
........+....######..#,....#,,*
...#'####....#....#..#######..*
...#.........#....#...........#
...#.........#....#...........#
...#.........#....#...........#
...######....#..4.#...........#
...,,,,,#....#..@.#...........#
...,,,,,#....####D#...........#
#########........§.≈§§........#
.................≈.§.≈........#
..................§§≈.........#
.................≈≈....########
####................≈..#
#......########.....#####***
#......#,,,,,,#..........,,*


You could see an eight-headed hydra and a hellwing.

Vanquished Creatures
  Josephine (D:10)
  An unseen horror (D:9)
  Pikel (D:7)
  A centaur zombie (D:10)
  Joseph (D:7)
  2 centaur skeletons
  The ghost of HEYYEYAAE the Gusty, an experienced HuAE (D:5)
  2 komodo dragons
  A troll (D:10)
  Grinder (D:6)
  Prince Ribbit (D:8)
  A deep elf mage (D:9)
  2 yaks (D:10)
  3 wraiths (D:10)
  A hippogriff (D:10)
  Grum (D:9)
  4 wolves (D:9)
  2 soldier ants (D:8)
  A hungry ghost (D:9)
  A mottled dragon (D:11)
  Duvessa (D:4)
  2 spiders (D:8)
  An ice beast (D:6)
  4 sky beasts
  7 orc warriors
  A wasp (D:11)
  4 ogres
  A phantom (D:10)
  3 black bears
  A necrophage (D:10)
  6 centaurs
  Blork the orc (D:4)
  A big kobold (D:8)
  2 gnoll sergeants
  5 giant frogs
  A water moccasin zombie (D:7)
  Dowan (D:4)
  5 scorpions
  8 jellies
  13 wights
  A giant frog zombie (D:10)
  7 crimson imps
  9 hounds
  Crazy Yiuf (D:7)
  6 orc priests
  3 orc wizards
  2 quasits
  5 iguanas
  10 worker ants
  A killer bee zombie (D:10)
  A hound skeleton (D:7)
  2 worker ant zombies
  22 adders
  13 gnolls
  7 shadow imps
  2 oozes
  An adder skeleton (D:4)
  An adder zombie (D:5)
  A worm (D:2)
  31 orcs
  18 bats
  A bat zombie (D:6)
  10 giant cockroaches
  14 hobgoblins
  14 jackals
  7 quokkas
  6 giant geckos
  5 giant newts
  12 goblins
  20 kobolds
  11 rats
341 creatures vanquished.

Vanquished Creatures (others)
  A slave (D:7)
  An orc priest (D:7)
  3 orcs (D:7)
  2 jackals (D:7)
7 creatures vanquished.

Grand Total: 348 creatures vanquished

Notes
Turn   | Place    | Note
--------------------------------------------------------------
     0 | D:1      | Snupthedog the Formicid Fighter began the quest for the Orb.
     0 | D:1      | Reached XP level 1. HP: 18/18 MP: 1/1
    86 | D:1      | Reached XP level 2. HP: 17/24 MP: 2/2
   304 | D:1      | Reached skill level 4 in Shields
   782 | D:2      | Reached XP level 3. HP: 29/29 MP: 3/3
   939 | D:2      | Found a glowing golden altar of the Shining One.
  1006 | D:2      | Reached XP level 4. HP: 35/35 MP: 4/4
  1089 | D:2      | Found a snail-covered altar of Cheibriados.
  1468 | D:3      | Reached skill level 5 in Shields
  1468 | D:3      | Reached XP level 5. HP: 37/41 MP: 5/5
  1930 | D:3      | Reached skill level 6 in Shields
  1930 | D:3      | Reached XP level 6. HP: 43/47 MP: 6/6
  2024 | D:3      | Reached skill level 5 in Armour
  2546 | D:4      | Found a shadowy altar of Dithmenos.
  2597 | D:4      | Noticed Dowan
  2597 | D:4      | Noticed Blork the orc
  2598 | D:4      | Noticed Duvessa
  2658 | D:4      | Killed Duvessa
  2658 | D:4      | Reached skill level 7 in Shields
  2658 | D:4      | Reached XP level 7. HP: 30/52 MP: 7/7
  2682 | D:4      | Killed Dowan
  2728 | D:4      | Killed Blork the orc
  2749 | D:4      | Got a spiked ring mail
  2768 | D:4      | Identified the +5 ring mail of the Dice {rPois rF- rN+ Dex+3} (You found it on level 4 of the Dungeon)
  2868 | D:4      | Found a radiant altar of Vehumet.
  2876 | D:4      | Found a glowing drain.
  2923 | D:4      | Reached skill level 8 in Shields
  2981 | D:4      | Reached XP level 8. HP: 11/58 MP: 8/8
  3044 | D:4      | Reached skill level 1 in Evocations
  3291 | D:4      | Reached skill level 9 in Shields
  3302 | D:4      | Noticed an orc warrior
  3351 | D:4      | Killed an orc warrior
  3418 | D:5      | Entered Level 5 of the Dungeon
  3623 | D:5      | Found a stormy altar of Qazlal.
  3634 | D:5      | Found Lahuzixe's General Store.
  3644 | D:5      | Bought a potion of curing for 33 gold pieces
  3662 | D:5      | Reached skill level 10 in Shields
  3667 | D:5      | Found a shattered altar of Ashenzari.
  3671 | D:5      | Noticed HEYYEYAAE's ghost (experienced HuAE)
  4192 | D:5      | Killed HEYYEYAAE's ghost
  4192 | D:5      | Reached XP level 9. HP: 37/64 MP: 9/9
  4822 | D:5      | Reached skill level 11 in Shields
  4872 | D:6      | Noticed Grinder
  4872 | D:6      | Noticed rogue's ghost (experienced OgHu)
  5704 | D:6      | Killed Grinder
  5704 | D:6      | Reached skill level 5 in Long Blades
  6052 | D:6      | Found a sparkling altar of Nemelex Xobeh.
  6203 | D:6      | Identified a cursed +3 rod of clouds (9/9) (You found it on level 6 of the Dungeon)
  6742 | D:6      | Found a staircase to the Ecumenical Temple.
  6768 | Temple   | Entered the Ecumenical Temple
  7022 | Temple   | Became a worshipper of Makhleb the Destroyer
  7093 | D:6      | Reached skill level 12 in Fighting
  7093 | D:6      | Reached XP level 10. HP: 69/90 MP: 10/10
  7576 | D:7      | Noticed Pikel
  7659 | D:7      | Killed Pikel
  7659 | D:7      | Reached XP level 11. HP: 61/96 MP: 11/11
  8121 | D:7      | Reached skill level 1 in Stealth
  8192 | D:7      | Acquired Makhleb's first power
  8267 | D:7      | Noticed Crazy Yiuf
  8285 | D:7      | Killed Crazy Yiuf
  8483 | D:7      | Noticed Joseph
  8497 | D:7      | Killed Joseph
  8629 | D:8      | Noticed Prince Ribbit
  8767 | D:8      | Killed Prince Ribbit
  8883 | D:8      | Acquired Makhleb's second power
  9283 | D:9      | Noticed an unseen horror
  9293 | D:9      | Killed an unseen horror
  9294 | D:9      | Noticed Grum
  9330 | D:9      | Killed Grum
  9330 | D:9      | Reached skill level 5 in Stealth
  9538 | D:9      | Acquired Makhleb's third power
  9659 | D:9      | Identified a scroll of acquirement
 10077 | D:9      | Found Gasuinup's General Store.
 10243 | D:9      | Acquired Makhleb's fourth power
 10305 | D:9      | Gained mutation: Scrolls take you a little longer to read. [mutagenic meat]
 10306 | D:9      | Lost mutation: Scrolls take you a little longer to read. [potion of cure mutation]
 10315 | D:9      | Found a glowing silver altar of Zin.
 10454 | D:10     | Entered Level 10 of the Dungeon
 10501 | D:10     | Reached XP level 12. HP: 53/103 MP: 13/13
 10609 | D:10     | Reached skill level 10 in Long Blades
 10730 | D:10     | Noticed Josephine
 10756 | D:10     | Killed Josephine
 10782 | D:10     | Found a staircase to the Lair.
 10805 | D:10     | Noticed an unseen horror
 10810 | D:10     | Found Qudoxac's Assorted Antiques.
 11287 | D:11     | Noticed an eight-headed hydra
 11908 | D:11     | Acquired Makhleb's fifth power
 12120 | D:11     | HP: 2/103 [eight-headed hydra (7)]
 12121 | D:11     | Mangled by an eight-headed hydra

Vault maps used:
D:1:      dpeg_arrival_rhombi
D:2:      nicolae_tso_carved_into_rock, old_standard_altar
D:4:      nicolae_dithmenos_the_darkroom, vehumet_crystals,
          gup_sewer_entry_pipe, uniq_duvessa, uniq_blork_the_orc
D:5:      kennysheep_mini, first_bread, serial_shops, shop,
          nicolae_ashenzari_panopticon
D:6:      kennysheep_little_box, minmay_temple_entry_glassed_door, uniq_grinder
D:7:      serial_co_window_serial, co_window_paths_a, co_window_paths_a,
          co_window_paths_a, co_window_paths_b, co_window_cross_1,
          co_window_corner_b, co_window_of_opportunity_b,
          co_window_of_opportunity_c, co_window_corner_b,
          co_window_unsneaky_path_b, co_window_4corner_a, glass_columns_a,
          glass_columns_b, uniq_crazy_yiuf_cottage, uniq_joseph, uniq_pikel
D:8:      nicolae_whirlpool, hangedman_pestilent_swarm, uniq_prince_ribbit1
D:9:      lemuel_doored_altar, serial_shops, shop, uniq_grum
D:10:     dpeg_oklobed_lair, serial_shops,
          nicolae_shop_temple_entry_statues_fountains, uniq_josephine
D:11:     lemuel_jelly_drop
Temple:   minmay_temple_forest_path_12

Action                   |  1- 3 |  4- 6 |  7- 9 | 10-12 || total
-------------------------+-------+-------+-------+-------++-------
Melee: Long sword        |    18 |    13 |   345 |   710 ||  1086
       Dagger            |   121 |   127 |   112 |       ||   360
       Short sword       |       |   257 |   149 |       ||   406
       Rod               |       |       |    86 |   127 ||   213
Invok: Lesser Servant of |       |       |       |     1 ||     1
 Abil: Dig               |     3 |     4 |    23 |    18 ||    48
       Shaft Self        |       |       |       |     1 ||     1
Evoke: Wand              |       |       |     6 |     7 ||    13
       Rod               |       |       |     4 |     5 ||     9
  Use: Scroll            |     5 |     1 |     7 |    11 ||    24
       Potion            |       |     1 |     9 |     3 ||    13
 Stab: Confused          |       |       |       |     1 ||     1
       Invisible         |       |       |       |     1 ||     1
  Eat: Meat ration       |     1 |       |     1 |       ||     2
       Beef jerky        |       |     1 |       |       ||     1
       Chunk             |       |       |     4 |    28 ||    32
       Pizza             |       |       |     1 |     1 ||     2
       Bread ration      |       |       |     3 |     1 ||     4
       Royal jelly       |       |       |       |     1 ||     1
       Fruit             |       |       |       |     1 ||     1
